 Dungeon Crawl Stone Soup version 0.22.1-1-ga44c0e5 (webtiles) character file.

143 miragecloak the Changer (level 5, -2/33 HPs)
             Began as an Octopode Transmuter on Sept 27, 2018.
             Slain by an ogre
             ... wielding a +0 giant spiked club
              (21 damage)
             ... on level 4 of the Dungeon.
             The game lasted 00:04:54 (3215 turns).

miragecloak the Changer (Octopode Transmuter)       Turns: 3215, Time: 00:04:55

Health: -2/33      AC:  2    Str:  9    XL:     5   Next: 25%
Magic:  6/8        EV: 20    Int: 15    God:
Gold:   154        SH:  0    Dex: 19    Spells: 0/8 levels left

rFire    . . .     SeeInvis .     - Unarmed
rCold    . . .     Gourm    .   (shield currently unavailable)
rNeg     . . .     Faith    .   (helmet currently unavailable)
rPois    x         Spirit   .   (no amulet)
rElec    .         Reflect  .   n - ring of stealth
rCorr    .         Harm     .   (no ring)
MR       .....                  (no ring)
Stlth    +++.......             (no ring)
HPRegen  0.11/turn              (no ring)
MPRegen  0.11/turn              (no ring)
                                (no ring)
                                (no ring)

@: spider-form (expiring)
A: tiny, almost no armour, stealthy swim, (amphibious), 8 rings, (constrict 8)
a: End Transformation


You were on level 4 of the Dungeon.
You were not hungry.
You were a venomous arachnid creature.
You visited 1 branch of the dungeon, and saw 4 of its levels.

You collected 154 gold pieces.

Inventory:

Missiles
 a - 103 arrows
Jewellery
 n - a ring of stealth (left front leg)
 p - an uncursed amulet of the gourmand {unknown}
Wands
 m - a wand of scattershot (8)
 q - a wand of digging (18)
Scrolls
 b - a scroll of identify {unknown}
 d - 2 scrolls of magic mapping {unknown}
 e - 4 scrolls of teleportation {unknown}
 f - 2 scrolls of enchant weapon {unknown}
 g - 2 scrolls of remove curse {unknown}
 k - a scroll of fog {unknown}
 l - 2 scrolls of amnesia {unknown}
 s - a scroll of immolation {unknown}
Potions
 i - a potion of curing {unknown}
 j - a potion of ambrosia {unknown}
 o - a potion of heal wounds {unknown}
 r - 2 potions of mutation {unknown}
Comestibles
 c - 4 rations


   Skills:
 - Level 1.0 Fighting
 - Level 2.0 Dodging
 + Level 3.3 Unarmed Combat
 - Level 2.0 Spellcasting
 - Level 4.0 Transmutations
 - Level 3.3 Poison Magic


You couldn't memorise any spells.
You knew the following spells:

 Your Spells              Type           Power        Failure   Level  Hunger
a - Beastly Appendage     Tmut           ##....       13%         1    #......
b - Spider Form           Tmut/Pois      ##........   32%         3    ###....
c - Ice Form              Ice/Tmut       #.......     85%         4    #####..

Your spell library contained the following spells:

 Spells                   Type           Power        Failure   Level  Hunger
 Sticks to Snakes         Tmut           ##......     17%         2    ###....
 Blade Hands              Tmut           ##........   89%         5    ######.


Dungeon Overview and Level Annotations

Branches:
Dungeon (4/15)
 Temple: D:4-7

Altars:
Gozag
Nemelex Xobeh
Sif Muna
Trog

Annotations:
D:4 Sigmund


Innate Abilities, Weirdness & Mutations

You cannot wear most types of armour.
You are very stealthy in the water. (Stealth+)
((You are amphibious.))
You can wear up to eight rings at the same time.
((You can use your tentacles to constrict eight enemies at once.))
((Your skin changes colour to match your surroundings (Stealth+).))
((Your rubbery body absorbs attacks. (AC +1, EV +1)))


Message History

c - 4 rations (gained 1)
Your transformation is almost over.
All of the chunks of flesh in your inventory have rotted away.
Your transformation has ended.
Magic restored.
An ogre comes into view. It is wielding a giant spiked club.
Casting: Spider Form (safe; 14% risk of failure)
Confirm with . or Enter, or press ? or * to list all spells.
You turn into a venomous arachnid creature.
Found 15 stones.
The ogre hits you with a giant spiked club!
You hit the ogre.
The ogre is poisoned.
The ogre is lightly wounded.
The ogre closely misses you.
Your transformation is almost over.
You hit the ogre.
The ogre looks even sicker.
The ogre is heavily wounded.
The ogre hits you with a giant spiked club!!
Ouch! That really hurt!
You die...

######
#....#
#.##.#
#.##.#
#.##.#
#.##.#
#.##O#
#.##s#
#.##.#
(.##.#
####.#
#....#
#.####
#.#
#.#
#.#


You could see an ogre.

Vanquished Creatures
  An orc wizard (D:3)
  Ijyb (D:3)
  2 gnolls (D:3)
  An adder (D:3)
  A worm (D:2)
  A dart slug (D:3)
  A leopard gecko (D:3)
  3 orcs (D:3)
  9 bats
  2 giant cockroaches
  6 goblins
  6 hobgoblins
  5 jackals
  3 kobolds
  2 quokkas
  A ball python (D:3)
  4 frilled lizards
  A rat (D:1)
50 creatures vanquished.

Notes
Turn   | Place    | Note
-------+----------+-------------------------------------------
     0 | D:1      | miragecloak the Octopode Transmuter began the quest for the
                  | Orb.
     0 | D:1      | Reached XP level 1. HP: 13/13 MP: 3/3
   264 | D:1      | Reached XP level 2. HP: 15/18 MP: 1/5
   334 | D:1      | Reached skill level 3 in Transmutations
   735 | D:2      | Reached XP level 3. HP: 23/23 MP: 4/6
   740 | D:2      | Learned a level 3 spell: Spider Form
   994 | D:2      | Found an opulent altar of Gozag.
  1002 | D:2      | Found a bloodstained altar of Trog.
  1126 | D:2      | Reached skill level 1 in Poison Magic
  1769 | D:3      | Found a sparkling altar of Nemelex Xobeh.
  2523 | D:3      | Reached XP level 4. HP: 27/28 MP: 4/7
  2824 | D:3      | Noticed Ijyb
  2839 | D:3      | Killed Ijyb
  2839 | D:3      | Reached skill level 4 in Transmutations
  2839 | D:3      | Reached XP level 5. HP: 29/33 MP: 4/8
  2897 | D:3      | Learned a level 4 spell: Ice Form
  2987 | D:3      | Found a deep blue altar of Sif Muna.
  3096 | D:4      | Noticed Sigmund
  3200 | D:4      | Noticed an ogre
  3215 | D:4      | Slain by an ogre

Skill      XL: |  1  2  3  4 |
---------------+-------------+-----
Transmutations | 3 4 |  4.0
Poison Magic   | 2 3 |  3.3
Fighting       | |  1.0
Dodging        | |  2.0
Unarmed Combat | |  3.3
Spellcasting   | |  2.0

Action                   |  1- 3 |  4- 6 || total
-------------------------+-------+-------++-------
Melee: Unarmed           |    85 |    35 ||   120
       Constrict         |    19 |       ||    19
       Tentacles         |     7 |     1 ||     8
       Kick              |     8 |       ||     8
 Cast: Beastly Appendage |    12 |       ||    12
       Spider Form       |    15 |    12 ||    27
 Stab: Sleeping          |     1 |     1 ||     2
  Eat: Chunk             |     4 |     4 ||     8
       Ration            |     1 |       ||     1
Armor: Skin              |    10 |     5 ||    15
Dodge: Dodged            |   103 |    28 ||   131
